[Event "Championnat de France Alpe d'Huez 2023 "]
[Site "ALPE D'HUEZ, France"]
[Date "2023.08.22"]
[Round "4.20"]
[White "GRULIER, Arnold"]
[Black "NOUCHI, Olivier"]
[Result "1/2-1/2"]
[ECO "E94"]
[WhiteElo "1438"]
[BlackElo "1488"]
[PlyCount "189"]
[EventDate "2023.08.??"]
[TimeControl "1/40+30:0"]

1. d4 {12} Nf6 {23} 2. Nf3 {6} g6 {10} 3. c4 {9} Bg7 {8} 4. Nc3 {10} O-O {37}
5. e4 {12} d6 {7} 6. Be2 {12} e5 {11} 7. O-O {23} exd4 {50} 8. Nxd4 {9} h6 {161
} 9. Be3 {402} Re8 {82} 10. Qc2 {185} Nbd7 {211} 11. f3 {298} Ne5 {160} 12.
Rad1 {310} Bd7 {1294} 13. b4 {473} a5 {130} 14. a3 {100} axb4 {86} 15. axb4 {18
} Qe7 {169} 16. Ncb5 {218} Rec8 {162} 17. Ra1 {154} Be8 {473} 18. Rfd1 {284}
Nc6 {79} 19. Nxc6 {191} Bxc6 {255} 20. Na7 {22} Rcb8 {287} 21. Nxc6 {96} bxc6 {
75} 22. Ra4 {156} Nd7 {196} 23. Qa2 {723} Qe8 {115} 24. c5 {333} d5 {590} 25.
Bf2 {25} dxe4 {68} 26. fxe4 {26} Nf6 {149} 27. Bf3 {176} Rxa4 {74} 28. Qxa4 {34
} Ra8 {8} 29. Qc2 {27} Nd7 {125} 30. Bg3 {386} Ne5 {36} 31. Bxe5 {80} Bxe5 {52}
32. Qd2 {54} Kg7 {18} 33. Bg4 {90} Qe7 {357} 34. g3 {797} h5 {92} 35. Bh3 {19}
Ra4 {163} 36. Bd7 {119} Qf6 {206} 37. Kh1 {410} Bc3 {51} 38. Qf4 {15} Rxb4 {61}
39. Qxf6+ {51} Kxf6 {65} 40. Bxc6 {12} Rc4 {102} 41. Bd5 {149} Rxc5 {21} 42.
Rf1+ {15} Kg5 {321} 43. Bxf7 {100} Be5 {226} 44. Kg2 {205} Rc2+ {86} 45. Rf2 {8
} Rc3 {162} 46. Rf3 {46} Rc1 {90} 47. Rf1 {91} Rxf1 {391} 48. Kxf1 {26} Kf6 {6}
49. Bd5 {13} g5 {165} 50. Kg2 {65} Bd6 {60} 51. Kf3 {212} Ke5 {8} 52. Bf7 {308}
h4 {153} 53. gxh4 {102} gxh4 {3} 54. Bd5 {44} Kd4 {17} 55. h3 {31} Kd3 {141}
56. Kg4 {69} Bg3 {11} 57. Bc6 {192} Kd4 {63} 58. Kf5 {115} Kc5 {25} 59. Bd5 {
153} Kd4 {22} 60. Bc6 {37} Kc5 {10} 61. Bd5 {5} c6 {7} 62. Bxc6 {222} Kxc6 {23}
63. Kg4 {26} Kd6 {31} 64. Kf3 {10} Ke5 {6} 65. Kg2 {8} Kxe4 {5} 66. Kg1 {38}
Kf3 {39} 67. Kh1 {23} Bb8 {13} 68. Kg1 {18} Kg3 {4} 69. Kh1 {9} Kxh3 {46} 70.
Kg1 {15} Kg3 {256} 71. Kh1 {21} Kf3 {104} 72. Kg1 {16} Ba7+ {42} 73. Kh1 {29}
Ke2 {6} 74. Kg2 {97} Bf2 {33} 75. Kh1 {22} Kf1 {23} 76. Kh2 {12} Bc5 {77} 77.
Kh1 {20} Kf2 {90} 78. Kh2 {8} Kf3 {66} 79. Kh1 {21} Kg4 {10} 80. Kh2 {40} Bb6 {
34} 81. Kh1 {9} Bc7 {24} 82. Kg1 {13} Kh3 {11} 83. Kh1 {10} Bb8 {12} 84. Kg1 {
10} Ba7+ {8} 85. Kh1 {7} Bb8 {4} 86. Kg1 {7} Kg4 {5} 87. Kh1 {7} h3 {4} 88. Kg1
{16} Kf3 {25} 89. Kh1 {7} Ke2 {11} 90. Kg1 {7} Ke1 {25} 91. Kh1 {10} Bc7 {74}
92. Kg1 {12} Ke2 {28} 93. Kh1 {8} Kf3 {13} 94. Kg1 {16} Kg3 {4} 95. Kh1 {8}
1/2-1/2

[Event "Championnat de France Alpe d'Huez 2023 "]
[Site "ALPE D'HUEZ, France"]
[Date "2023.08.23"]
[Round "5.17"]
[White "LUMARET, Leo"]
[Black "ASSOUANE, Aksel"]
[Result "0-1"]
[ECO "B28"]
[WhiteElo "1485"]
[BlackElo "1395"]
[PlyCount "46"]
[EventDate "2023.08.??"]
[TimeControl "1/40+30:0"]

1. e4 {3} c5 {8} 2. Nf3 {9} a6 {6} 3. d4 {9} cxd4 {6} 4. Nxd4 {4} Nf6 {5} 5.
Nc3 {5} e5 {6} 6. Nf3 {6} Bb4 {39} 7. Bg5 {351} Qc7 {153} 8. Bxf6 {651} Bxc3+ {
80} 9. bxc3 {89} Qxc3+ {9} 10. Nd2 {2} gxf6 {10} 11. Bd3 {6} Nc6 {348} 12. O-O
{86} Nb4 {1613} 13. Nc4 {423} Nxd3 {125} 14. cxd3 {423} b5 {456} 15. Nb6 {57}
Qc6 {183} 16. Nxa8 {30} Qxa8 {98} 17. f4 {108} d5 {652} 18. fxe5 {55} dxe4 {96}
19. dxe4 {97} Rg8 {202} 20. exf6 {153} Bh3 {185} 21. Rf2 {196} Qxe4 {379} 22.
Re2 {20} Rxg2+ {9} 23. Kh1 {202} Rxe2+ {26} 0-1

[Event "Championnat de France Alpe d'Huez 2023 "]
[Site "ALPE D'HUEZ, France"]
[Date "2023.08.23"]
[Round "5.18"]
[White "CHALANCON, Alexandre"]
[Black "BARBAGGI, Sasha"]
[Result "0-1"]
[ECO "B23"]
[WhiteElo "1529"]
[BlackElo "1457"]
[PlyCount "144"]
[EventDate "2023.08.??"]
[TimeControl "1/40+30:0"]

1. e4 {1} c5 {12} 2. Nc3 {6} Nc6 {19} 3. f4 {7} g6 {31} 4. Nf3 {18} Bg7 {37} 5.
Bb5 {112} e6 {390} 6. O-O {237} Nge7 {200} 7. Qe1 {243} O-O {293} 8. d3 {287}
d5 {765} 9. Bxc6 {444} Nxc6 {78} 10. Kh1 {310} Re8 {562} 11. a3 {587} a6 {546}
12. Ne2 {315} b5 {287} 13. Qg3 {543} a5 {420} 14. e5 {252} b4 {168} 15. h4 {263
} h5 {145} 16. Qf2 {269} Qb6 {287} 17. a4 {150} Ba6 {82} 18. b3 {135} Rac8 {473
} 19. Bb2 {157} Ne7 {107} 20. Rg1 {156} Qb7 {180} 21. Kh2 {229} c4 {42} 22. Ne1
{73} cxb3 {153} 23. cxb3 {10} Kh7 {71} 24. g4 {154} hxg4 {29} 25. Qg3 {128} Rh8
{73} 26. Qxg4 {77} Nf5 {42} 27. Nd4 {203} Nxh4 {184} 28. Kg3 {54} Kg8 {26} 29.
Kf2 {119} Nf5 {104} 30. Nxf5 {60} exf5 {31} 31. Qg3 {41} Qb6+ {80} 32. d4 {54}
Rc6 {104} 33. Qg2 {84} Qc7 {58} 34. Kg3 {172} Qd8 {93} 35. Rh1 {140} Rxh1 {64}
36. Qxh1 {5} Qd7 {139} 37. Qg2 {69} Qd8 {43} 38. Rd1 {43} Qd7 {40} 39. Nf3 {38}
Qc7 {58} 40. Ng5 {121} Rc2 {53} 41. Rd2 {60} Rxd2 {58} 42. Qf2 {4} Re2 43. Qxe2
{0} Bh6 {86} 44. Qg2 {110} Bxg5 {91} 45. fxg5 {26} Qc6 {70} 46. Qd2 {91} Bf1 {
136} 47. Qf2 {41} Bd3 {117} 48. Qf3 {216} Be4 {38} 49. Qe2 {560} Qc2 {96} 50.
Kf2 {109} Bd3 {77} 51. Qxc2 {18} Bxc2 {7} 52. Ke2 {31} Bxb3 {10} 53. Kd3 {47}
Bxa4 {9} 54. Bc1 {39} Kf8 {29} 55. Bf4 {79} Ke7 {104} 56. Kd2 {38} Kd7 {23} 57.
Kc1 {22} Kc6 {27} 58. Kd2 {96} Kb5 {24} 59. Kd3 {69} Bb3 {32} 60. Bc1 {43} a4 {
32} 61. Bb2 {41} a3 {37} 62. Ba1 {71} Ba4 {22} 63. e6 {79} fxe6 {26} 64. Kd2 {
50} Kc4 {13} 65. Kc1 {32} b3 {25} 66. Kb1 {47} b2 {14} 67. Ka2 {26} bxa1=N {11}
68. Kb1 {22} Nc2 {23} 69. Ka2 {15} Bb3+ {13} 70. Kb1 {19} a2+ {5} 71. Kc1 {13}
a1=Q+ {6} 72. Kd2 {4} Qe1# {13} 0-1

[Event "Championnat de France Alpe d'Huez 2023 "]
[Site "ALPE D'HUEZ, France"]
[Date "2023.08.23"]
[Round "5.19"]
[White "CHEVILLON, Manon"]
[Black "DANEK, Victor"]
[Result "1-0"]
[ECO "B15"]
[WhiteElo "1526"]
[BlackElo "1457"]
[PlyCount "81"]
[EventDate "2023.08.??"]
[TimeControl "1/40+30:0"]

1. e4 {7} c6 {6} 2. d4 {40} d5 {8} 3. Nc3 {77} dxe4 {18} 4. Nxe4 {39} Nf6 {15}
5. Nxf6+ {178} exf6 {33} 6. Nf3 {215} Bd6 {139} 7. Bd3 {223} O-O {39} 8. O-O {
194} Be6 {92} 9. c4 {290} Qc7 {224} 10. Qc2 {513} h6 {110} 11. Be3 {418} Nd7 {
233} 12. b3 {117} Rfe8 {130} 13. Rad1 {165} Rad8 {186} 14. Rfe1 {219} Bg4 {136}
15. h3 {221} Bxf3 {23} 16. gxf3 {32} Re7 {63} 17. Kh1 {86} Rde8 {113} 18. Qd2 {
249} c5 {386} 19. Rg1 {190} g5 {183} 20. Bxg5 {599} fxg5 {500} 21. Rxg5+ {83}
Kf8 {36} 22. Rg8+ {1020} Kxg8 {10} 23. Rg1+ {14} Bg3 {18} 24. Rxg3+ {20} Qxg3 {
7} 25. fxg3 {14} Kg7 {85} 26. Qb2 {142} f6 {126} 27. g4 {122} Re1+ {0} 28. Kg2
{64} R8e3 {36} 29. Kf2 {205} cxd4 {74} 30. Qxd4 {36} Re7 {111} 31. Be4 {131}
Rh1 {171} 32. Kg2 {42} Re1 {17} 33. Qxa7 {74} b6 {100} 34. Bf5 {167} Nf8 {106}
35. Qxb6 {73} Ng6 {24} 36. Bxg6 {45} Kxg6 {6} 37. a4 {69} Kg5 {26} 38. h4+ {71}
Kg6 {40} 39. b4 {36} R7e6 {40} 40. Qb5 {102} R1e2+ {37} 41. Kg3 {31} 1-0

[Event "Championnat de France Alpe d'Huez 2023 "]
[Site "ALPE D'HUEZ, France"]
[Date "2023.08.23"]
[Round "5.20"]
[White "EL KAROUI, Noe"]
[Black "GRULIER, Arnold"]
[Result "0-1"]
[ECO "B28"]
[WhiteElo "1500"]
[BlackElo "1438"]
[PlyCount "84"]
[EventDate "2023.08.??"]
[TimeControl "1/40+30:0"]

1. e4 {7417} c5 {10} 2. Nf3 {4} a6 {5} 3. d4 {7} cxd4 {6} 4. Nxd4 {3} Nf6 {7}
5. Nc3 {6} e5 {12} 6. Nb3 {130} Bb4 {43} 7. Bd3 {17} Bxc3+ {123} 8. bxc3 {5}
Qc7 {126} 9. c4 {40} d6 {258} 10. O-O {47} O-O {327} 11. Bg5 {136} Nbd7 {101}
12. f4 {124} b6 {166} 13. f5 {83} Bb7 {151} 14. Qe2 {92} h6 {109} 15. Bh4 {59}
Rac8 {125} 16. g4 {301} Nh7 {578} 17. Bf2 {263} Ng5 {171} 18. Be3 {282} f6 {150
} 19. Bxg5 {195} fxg5 {97} 20. Rab1 {857} a5 {377} 21. Nd2 {57} Qc5+ {143} 22.
Rf2 {125} Qa3 {41} 23. h4 {24} gxh4 {169} 24. g5 {14} hxg5 {33} 25. Nf3 {131}
Qxa2 {484} 26. Rbf1 {28} Nf6 {106} 27. Nxg5 {23} Ba6 {164} 28. Rh2 {24} Rfe8 {
814} 29. Rxh4 {26} Kf8 {9} 30. Nh7+ {92} Nxh7 {345} 31. Rxh7 {12} Bxc4 {195}
32. Qg4 {172} Rc7 {114} 33. Bxc4 {183} Qxc4 {23} 34. Rh8+ {12} Ke7 {209} 35.
Qxg7+ {441} Kd8 {49} 36. Qf6+ {157} Kd7 {156} 37. Rd1 {264} Qc5+ {88} 38. Kf1 {
134} Rxh8 {68} 39. Qxh8 {9} Qxc2 {61} 40. Re1 {204} Qd3+ {115} 41. Kg1 {56}
Qg3+ {12} 42. Kf1 {53} Rc2 {34} 0-1

[Event "Championnat de France Alpe d'Huez 2023 "]
[Site "ALPE D'HUEZ, France"]
[Date "2023.08.24"]
[Round "6.17"]
[White "ASSOUANE, Aksel"]
[Black "CHEVILLON, Manon"]
[Result "1-0"]
[ECO "C76"]
[WhiteElo "1395"]
[BlackElo "1526"]
[PlyCount "137"]
[EventDate "2023.08.??"]
[TimeControl "1/40+30:0"]

1. e4 {2} e5 {28} 2. Nf3 {4} Nc6 {36} 3. Bb5 {9} a6 {66} 4. Ba4 {10} g6 {40} 5.
c3 {114} d6 {97} 6. d4 {183} Bd7 {290} 7. O-O {216} Bg7 {70} 8. Re1 {600} Nge7
{1106} 9. Be3 {0} h6 {183} 10. Nbd2 {272} O-O {127} 11. Nf1 {80} Kh7 {502} 12.
Bc2 {642} f5 {303} 13. exf5 {178} gxf5 {110} 14. dxe5 {125} dxe5 {115} 15. g4 {
197} Qe8 {666} 16. Nh4 {569} e4 {738} 17. Ng3 {49} Kh8 {251} 18. gxf5 {40} Nxf5
{307} 19. Nhxf5 {68} Bxf5 {92} 20. Bc5 {23} Rf6 {474} 21. Bxe4 {198} Bxe4 {113}
22. Rxe4 {71} Qf7 {121} 23. Qe2 {294} Bf8 {143} 24. Bxf8 {246} Rxf8 {34} 25.
Rh4 {17} Rxf2 {432} 26. Rxh6+ {4} Kg7 {42} 27. Qe3 {11} Rf4 {60} 28. Rxc6 {254}
bxc6 {212} 29. Qxf4 {4} Qxf4 {49} 30. Nh5+ {4} Kg6 {26} 31. Nxf4+ {2} Rxf4 {6}
32. Rf1 {20} Ra4 {31} 33. a3 {24} Ra5 {124} 34. Rf2 {48} Rb5 {57} 35. Kf1 {53}
Re5 {112} 36. Re2 {16} Rf5+ {119} 37. Ke1 {30} Rb5 {106} 38. Kd1 {9} Kf6 {29}
39. Kc2 {16} Rh5 {49} 40. Kb3 {165} Kf7 {73} 41. Kc4 {169} Rd5 {520} 42. h4 {50
} Rh5 {86} 43. Re4 {89} Rb5 {258} 44. b4 {24} Rf5 {124} 45. Kb3 {143} Rh5 {636}
46. Rc4 {38} Rh6 {41} 47. h5 {34} Ke7 {22} 48. Rc5 {21} Kd7 {48} 49. Kc4 {60}
Kc8 {37} 50. Kd4 {57} Re6 {186} 51. Re5 {26} Rd6+ {79} 52. Ke4 {5} Kd7 {41} 53.
Kf4 {37} Rd3 {48} 54. Rc5 {46} Rh3 {38} 55. Kg5 {17} Rg3+ {43} 56. Kh6 {12} Rg1
{30} 57. Rg5 {75} Rc1 {26} 58. Kg7 {34} Rxc3 {49} 59. h6 {11} Rxa3 {23} 60. h7
{5} Rh3 {10} 61. h8=Q {12} Rxh8 {3} 62. Kxh8 {10} Kc8 {11} 63. Kg7 {20} Kb7 {6}
64. Kf6 {7} Kb6 {10} 65. Ke6 {15} Kb7 {5} 66. Kd7 {9} Kb6 {12} 67. Rc5 {4} a5 {
22} 68. Rxc6+ {11} Kb5 {13} 69. bxa5 {11} 1-0

[Event "Championnat de France Alpe d'Huez 2023 "]
[Site "ALPE D'HUEZ, France"]
[Date "2023.08.24"]
[Round "6.18"]
[White "GOBERT, Alexis"]
[Black "LARA-GOLLIOT, Celian"]
[Result "0-1"]
[ECO "C02"]
[WhiteElo "1485"]
[BlackElo "1445"]
[PlyCount "138"]
[EventDate "2023.08.??"]
[TimeControl "1/40+30:0"]

1. e4 {2} e6 {4} 2. d4 {5} d5 {4} 3. e5 {18} c5 {4} 4. c3 {3} Nc6 {4} 5. Nf3 {4
} Qb6 {11} 6. Bd3 {146} Bd7 {7} 7. Bc2 {109} cxd4 {44} 8. cxd4 {21} Bb4+ {63}
9. Nc3 {54} Bxc3+ {113} 10. bxc3 {8} Rc8 {73} 11. O-O {75} Na5 {120} 12. Bd2 {
322} Nc4 {75} 13. Ba4 {63} Bc6 {422} 14. Rb1 {170} Qc7 {135} 15. Qb3 {377} Ne7
{234} 16. Bxc6+ {162} bxc6 {21} 17. Bg5 {374} O-O {235} 18. Qb7 {321} Nb6 {119}
19. Qxc7 {27} Rxc7 {6} 20. Bxe7 {126} Rxe7 {7} 21. Nd2 {6} Rc7 {122} 22. Rfc1 {
10} Rfc8 {34} 23. c4 {76} c5 {479} 24. cxd5 {29} exd5 {119} 25. Nb3 {233} c4 {
180} 26. Nc5 {16} Rxc5 {492} 27. dxc5 {30} Rxc5 {6} 28. a4 {107} Kf8 {1138} 29.
Rb5 {49} Rxb5 {273} 30. axb5 {6} Ke7 {27} 31. f4 {73} Ke6 {113} 32. Kf2 {9} d4
{76} 33. Ke2 {221} Kd5 {94} 34. Ra1 {91} Ke4 {507} 35. g3 {124} c3 {74} 36.
Rxa7 {225} d3+ {28} 37. Kd1 {10} c2+ {286} 38. Kc1 {86} Ke3 {77} 39. Ra2 {326}
Nc4 {378} 40. Rxc2 {596} dxc2 {40} 41. Kxc2 {3} Kd4 {36} 42. Kb3 {19} Kc5 {32}
43. Ka4 {5} g6 {216} 44. h3 {36} Kb6 {54} 45. Kb4 {50} Ne3 {6} 46. g4 {39} Nd5+
{38} 47. Kc4 {6} Nxf4 {4} 48. h4 {26} h6 {150} 49. Kd4 {33} Kxb5 {81} 50. Ke4 {
12} Ng2 {37} 51. h5 {7} Kc6 {8} 52. Kf3 {58} gxh5 {31} 53. gxh5 {224} Kd5 {10}
54. Kxg2 {29} Kxe5 {5} 55. Kg3 {35} Kf5 {5} 56. Kf3 {17} Kg5 {4} 57. Kg3 {48}
Kxh5 {6} 58. Kf4 {11} Kg6 {6} 59. Kg4 {17} f5+ {6} 60. Kf4 {13} h5 {4} 61. Kf3
{10} Kg5 {4} 62. Kg3 {4} f4+ {4} 63. Kf3 {6} h4 {4} 64. Kf2 {8} Kg4 {4} 65. Kg2
{6} h3+ {3} 66. Kf1 {38} Kg3 {9} 67. Kg1 {5} h2+ {15} 68. Kh1 {6} Kf2 {3} 69.
Kxh2 {5} f3 {4} 0-1

[Event "Championnat de France Alpe d'Huez 2023 "]
[Site "ALPE D'HUEZ, France"]
[Date "2023.08.24"]
[Round "6.19"]
[White "GRULIER, Arnold"]
[Black "BARBAGGI, Sasha"]
[Result "1-0"]
[ECO "E94"]
[WhiteElo "1438"]
[BlackElo "1457"]
[PlyCount "87"]
[EventDate "2023.08.??"]
[TimeControl "1/40+30:0"]

1. d4 {2} Nf6 {9} 2. Nf3 {5} g6 {15} 3. c4 {7} d6 {18} 4. Nc3 {10} Nbd7 {25} 5.
e4 {7} e5 {53} 6. Be2 {16} Bg7 {10} 7. O-O {16} O-O {17} 8. Be3 {251} exd4 {764
} 9. Nxd4 {413} Nc5 {146} 10. Qc2 {133} Re8 {185} 11. f3 {18} a5 {544} 12. Nb3
{155} Nxb3 {327} 13. Qxb3 {14} c6 {243} 14. Rfd1 {174} Qe7 {447} 15. Bf4 {387}
Rd8 {550} 16. Qa3 {131} Bf8 {277} 17. Bg5 {467} d5 {196} 18. Qxe7 {101} Bxe7 {7
} 19. cxd5 {74} Rd7 {544} 20. d6 {761} Bd8 {26} 21. Na4 {87} b5 {370} 22. Nc5 {
236} Bb6 {59} 23. Rac1 {124} Ne8 {106} 24. e5 {14} Ng7 {47} 25. Be3 {225} Ne6 {
85} 26. Kf2 {41} Bxc5 {50} 27. Bxc5 {12} Bb7 {89} 28. Ke3 {156} Re8 {84} 29. f4
{16} f5 {327} 30. g4 {9} g5 {267} 31. gxf5 {335} gxf4+ {96} 32. Kf3 {110} Ng5+
{27} 33. Kxf4 {11} Nh3+ {27} 34. Ke4 {125} Ng5+ {148} 35. Kf4 {71} Nh3+ {37}
36. Kg4 {75} Rxe5 {41} 37. Kxh3 {154} Rxe2 {13} 38. Re1 {640} Rxb2 {129} 39.
Re7 {19} Rxe7 {56} 40. dxe7 {10} Kf7 {60} 41. Re1 {122} Ke8 {26} 42. Rd1 {32}
Re2 {947} 43. Rd8+ {84} Kf7 {33} 44. Rf8+ {10} 1-0

[Event "Championnat de France Alpe d'Huez 2023 "]
[Site "ALPE D'HUEZ, France"]
[Date "2023.08.24"]
[Round "6.20"]
[White "DUROY, Luca"]
[Black "SUGNY, Raphael"]
[Result "1-0"]
[ECO "D85"]
[WhiteElo "1548"]
[BlackElo "1424"]
[PlyCount "87"]
[EventDate "2023.08.??"]
[TimeControl "1/40+30:0"]

1. d4 {1} Nf6 {18} 2. c4 {5} g6 {8} 3. Nc3 {11} d5 {11} 4. cxd5 {13} Nxd5 {9}
5. e4 {7} Nxc3 {19} 6. bxc3 {6} Bg7 {8} 7. Nf3 {17} c5 {9} 8. Rb1 {10} Nc6 {351
} 9. d5 {152} Bxc3+ {139} 10. Bd2 {7} Bxd2+ {17} 11. Qxd2 {6} Nd4 {89} 12. Nxd4
{12} cxd4 {9} 13. Qxd4 {59} O-O {324} 14. h4 {363} Qa5+ {358} 15. Qd2 {65}
Qxd2+ {81} 16. Kxd2 {6} Rd8 {49} 17. Ke3 {219} e6 {1288} 18. Bc4 {48} b5 {44}
19. Bxb5 {27} exd5 {33} 20. Bc6 {160} d4+ {75} 21. Kd2 {30} Be6 {58} 22. Bxa8 {
177} Rxa8 {11} 23. Rb4 {49} Bxa2 {115} 24. Ra1 {18} Be6 {25} 25. Rxd4 {13} Kg7
{66} 26. Rda4 {11} Rb8 {32} 27. Rxa7 {38} Kh6 {40} 28. R1a5 {53} Rb2+ {27} 29.
Ke3 {11} Rb3+ {77} 30. Kf4 {16} Rb2 {9} 31. Kg3 {56} Rb3+ {210} 32. f3 {27} Rc3
{41} 33. Kf4 {41} Rc2 {176} 34. g4 {9} Rh2 {36} 35. Kg3 {25} Rb2 {204} 36. Ra8
{211} Kg7 {191} 37. Rc5 {85} Rb1 {50} 38. Rca5 {192} Rb2 {170} 39. Rd8 {30} Rb7
{36} 40. Raa8 {20} f5 {6} 41. Rd6 {93} Bg8 {48} 42. exf5 {71} gxf5 {4} 43. gxf5
{42} Rb4 {71} 44. Ra7+ {15} 1-0

[Event "Championnat de France Alpe d'Huez 2023 "]
[Site "ALPE D'HUEZ, France"]
[Date "2023.08.25"]
[Round "7.17"]
[White "LARA-GOLLIOT, Celian"]
[Black "ASSOUANE, Aksel"]
[Result "0-1"]
[ECO "E62"]
[WhiteElo "1445"]
[BlackElo "1395"]
[PlyCount "68"]
[EventDate "2023.08.??"]
[TimeControl "1/40+30:0"]

1. Nf3 Nf6 2. g3 g6 3. Bg2 Bg7 {0} 4. d4 {0} d6 {832} 5. O-O {13} O-O {14} 6.
c4 {33} Nc6 {79} 7. Nc3 {74} e5 {38} 8. dxe5 {262} dxe5 {29} 9. h3 {577} Be6 {
70} 10. b3 {547} h6 {408} 11. e4 {238} Qc8 {308} 12. Kh2 {53} Rd8 {60} 13. Qe1
{117} Nd4 {293} 14. Nxd4 {96} exd4 {24} 15. Nd5 {28} Kh7 {205} 16. Qd2 {288}
Ne8 {712} 17. Bb2 {403} c6 {142} 18. Bxd4 {251} Bxd4 {452} 19. Qxd4 {63} cxd5 {
28} 20. cxd5 {15} Qc7 {132} 21. Qc4 {135} Qxc4 {141} 22. bxc4 {28} Bd7 {27} 23.
e5 {59} Rac8 {134} 24. Rac1 {20} Rc5 {231} 25. Rb1 {192} b6 {78} 26. Rfc1 {41}
Rdc8 {145} 27. Rb4 {308} b5 {74} 28. a4 {239} Rxc4 {79} 29. Rbxc4 {133} Rxc4 {
318} 30. Rxc4 {21} bxc4 {6} 31. a5 {16} c3 {21} 32. Be4 {3} Kg7 {52} 33. Bc2 {
41} Bf5 {77} 34. d6 {54} Nxd6 {5} 0-1

[Event "Championnat de France Alpe d'Huez 2023 "]
[Site "ALPE D'HUEZ, France"]
[Date "2023.08.25"]
[Round "7.18"]
[White "BERGONZOLI, Nathan"]
[Black "GRULIER, Arnold"]
[Result "0-1"]
[ECO "A15"]
[WhiteElo "1547"]
[BlackElo "1438"]
[PlyCount "70"]
[EventDate "2023.08.??"]
[TimeControl "1/40+30:0"]

1. Nf3 {10} Nf6 {37} 2. c4 {7} b6 {735} 3. g3 {182} Bb7 {15} 4. Bg2 {63} e5 {
463} 5. d3 {228} d6 {303} 6. O-O {539} g6 {25} 7. Nc3 {156} Bg7 {8} 8. e4 {103}
O-O {16} 9. Ne1 {80} Nh5 {142} 10. Bf3 {574} Nf6 {31} 11. Bg2 {139} Nh5 {352}
12. Bf3 {7} Nf6 {21} 13. Be3 {1102} Nc6 {307} 14. Qd2 {52} Qd7 {130} 15. Bh6 {
137} Nd4 {158} 16. Bg2 {17} Nh5 {227} 17. Bxg7 {79} Nxg7 {16} 18. f4 {283} f5 {
394} 19. fxe5 {605} dxe5 {67} 20. Nf3 {117} fxe4 {495} 21. Nxe5 {522} Qe6 {183}
22. Qg5 {28} Rf5 {536} 23. Rxf5 {104} gxf5 {10} 24. Ng4 {251} fxg4 {44} 25.
Nxe4 {87} Bxe4 {75} 26. Bxe4 {5} Nf3+ {13} 27. Bxf3 {3} gxf3 {9} 28. Rf1 {51}
Rf8 {240} 29. Rf2 {123} Qe1+ {54} 30. Rf1 {7} Qe6 {170} 31. Rf2 {33} Qf5 {150}
32. Qe3 {150} Ne6 {104} 33. d4 {105} Ng5 {117} 34. Rf1 {85} f2+ {153} 35. Kg2 {
8} Qh3+ {46} 0-1

[Event "Championnat de France Alpe d'Huez 2023 "]
[Site "ALPE D'HUEZ, France"]
[Date "2023.08.25"]
[Round "7.19"]
[White "DUROY, Luca"]
[Black "DELADERRIERE, Helio"]
[Result "0-1"]
[ECO "D25"]
[WhiteElo "1548"]
[BlackElo "1453"]
[PlyCount "52"]
[EventDate "2023.08.??"]
[TimeControl "1/40+30:0"]

1. d4 {2} d5 {118} 2. c4 {5} dxc4 {134} 3. Nf3 {131} Nf6 {102} 4. e3 {10} a6 {
164} 5. Bxc4 {30} b5 {106} 6. Bb3 {25} Bb7 {121} 7. Nc3 {84} e6 {116} 8. Bd2 {
38} Bd6 {127} 9. Bc2 {59} Nbd7 {59} 10. a3 {61} c5 {177} 11. dxc5 {161} Nxc5 {
119} 12. b4 {43} Ncd7 {141} 13. Qe2 {105} Qc7 {269} 14. Rc1 {99} Ne5 {166} 15.
Nxe5 {100} Bxe5 {102} 16. Be4 {159} Nxe4 {163} 17. Nxe4 {63} Qe7 {103} 18. Nc5
{778} Bxg2 {214} 19. Rg1 {8} Bd5 {88} 20. Nd3 {300} Bf6 {360} 21. e4 {33} Bc4 {
610} 22. e5 {30} Bh4 {54} 23. Qe4 {72} Rd8 {132} 24. Nc5 {24} Bxf2+ {110} 25.
Kxf2 {27} Rxd2+ {66} 26. Kf3 {12} Bd5 {42} 0-1

[Event "Championnat de France Alpe d'Huez 2023 "]
[Site "ALPE D'HUEZ, France"]
[Date "2023.08.25"]
[Round "7.20"]
[White "CARNAC, Vincent"]
[Black "DECOTTE, Thomas"]
[Result "1-0"]
[ECO "B38"]
[WhiteElo "1404"]
[BlackElo "1496"]
[PlyCount "85"]
[EventDate "2023.08.??"]
[TimeControl "1/40+30:0"]

1. e4 {15} c5 {25} 2. Nf3 {6} Nc6 {12} 3. d4 {5} cxd4 {20} 4. Nxd4 {5} g6 {24}
5. c4 {9} Bg7 {31} 6. Be3 {5} Nf6 {23} 7. Nc3 {12} O-O {64} 8. Be2 {6} d6 {23}
9. O-O {19} Ne5 {134} 10. f3 {82} Be6 {116} 11. b3 {90} a6 {71} 12. Rc1 {141}
Rc8 {82} 13. Qd2 {111} Re8 {250} 14. Rfd1 {25} Bd7 {167} 15. Bf1 {418} Qc7 {254
} 16. Nde2 {182} Rcd8 {272} 17. Nf4 {166} Be6 {163} 18. Na4 {326} Nfd7 {157}
19. Qf2 {326} Rb8 {199} 20. Nd5 {91} Bxd5 {66} 21. cxd5 {9} Qd8 {17} 22. Nb6 {
130} e6 {66} 23. dxe6 {318} fxe6 {130} 24. Rxd6 {494} Qe7 {8} 25. Rdd1 {58}
Nxb6 {31} 26. Bxb6 {18} Rbc8 {6} 27. Qd2 {260} Qh4 {404} 28. Rxc8 {693} Rxc8 {
21} 29. Rc1 {116} Re8 {141} 30. Qf2 {246} Qh5 {146} 31. Be2 {302} Nc6 {651} 32.
Bxa6 {393} bxa6 {108} 33. Rxc6 {9} Qb5 {12} 34. Rc1 {64} Qb4 {52} 35. Bc5 {146}
Qb5 {72} 36. Bd4 {273} Qg5 {283} 37. f4 {307} Bxd4 {51} 38. fxg5 {6} Bxf2+ {9}
39. Kxf2 {6} Kf7 {38} 40. Rc7+ {17} Re7 {1} 41. Rxe7+ {10} Kxe7 {11} 42. Ke3 {
43} Kd6 {19} 43. Kd4 {20} 1-0

[Event "Championnat de France Alpe d'Huez 2023 "]
[Site "ALPE D'HUEZ, France"]
[Date "2023.08.26"]
[Round "8.17"]
[White "ASSOUANE, Aksel"]
[Black "GRULIER, Arnold"]
[Result "1-0"]
[ECO "B02"]
[WhiteElo "1395"]
[BlackElo "1438"]
[PlyCount "49"]
[EventDate "2023.08.??"]
[TimeControl "1/40+30:0"]

1. e4 {3} d5 {8} 2. exd5 {15} Nf6 {10} 3. Nc3 {15} Nxd5 {23} 4. Bc4 {6} Nxc3 {
65} 5. Qf3 {15} e6 {90} 6. dxc3 {12} Nc6 {281} 7. Bf4 {359} Bd6 {166} 8. O-O-O
{116} Bxf4+ {410} 9. Qxf4 {26} Qe7 {17} 10. Nf3 {921} e5 {259} 11. Qg5 {135}
Qxg5+ {203} 12. Nxg5 {6} O-O {19} 13. b4 {394} h6 {1128} 14. Nxf7 {151} Rxf7 {
13} 15. b5 {10} Kf8 {486} 16. Bxf7 {137} Kxf7 {35} 17. bxc6 {15} bxc6 {472} 18.
Rd8 {23} Ke7 {119} 19. Rhd1 {6} Bb7 {75} 20. Rxa8 {14} Bxa8 {0} 21. Re1 {0} Kf6
{24} 22. Re4 {54} c5 {16} 23. Rc4 {8} Bxg2 {14} 24. Rxc5 {7} c6 {18} 25. Ra5 {8
} 1-0